[Event "December 19 Late 2023"]
[Site "https://www.chess.com"]
[Date "2023.12.19"]
[Round "8"]
[White "Ibarra Jerez, Jose Carlos"]
[Black "Keymer, Vincent"]
[Result "0-1"]
[Board "9"]
[TimeControl "180+1"]
[WhiteFideId "2226332"]
[BlackFideId "12940690"]
[WhiteElo "2634"]
[BlackElo "2629"]
[WhiteTeam "ESP"]
[BlackTeam "GER"]
[WhiteClock "0:00:00"]
[BlackClock "0:00:09"]

1. e4 c6 2. Nf3 d5 3. d3 dxe4 4. dxe4 Qxd1+ 5. Kxd1 Nd7 6. Bc4 Ngf6 7. Re1 Nc5 8. Nfd2 b5 9. Bf1 e5 10. f3 Be6 11. c3 O-O-O 12. Kc2 Nfd7 13. Nb3 f5 14. Bg5 Nf6 15. N1d2 f4 16. Bh4 Kc7 17. Bf2 Nfd7 18. Na5 a6 19. Rad1 Be7 20. b3 g5 21. a4 h5 22. axb5 axb5 23. b4 Na4 24. Ndb3 g4 25. Ra1 Rhg8 26. Reb1 Ra8 27. c4 Bxb4 28. cxb5 Bxa5 29. Rxa4 Bb6 30. Rxa8 Rxa8 31. Bxb6+ Kxb6 32. bxc6 Kxc6 33. Rb2 h4 34. fxg4 Bxg4 35. Nd2 Be6 36. Bb5+ Kd6 37. Nf3 Nc5 38. Nd2 h3 39. gxh3 Bxh3 40. Be2 Bg2 41. Rb6+ Kc7 42. Rb5 Kc6 43. Rb4 Ra2+ 44. Kc3 Bxe4 45. Nxe4 Rxe2 46. Ng5 Rxh2 47. Nf3 Rh3 0-1

[Event "December 19 Late 2023"]
[Site "https://www.chess.com"]
[Date "2023.12.19"]
[Round "8"]
[White "Paravyan, David"]
[Black "Zakhartsov, Vladimir"]
[Result "1-0"]
[Board "10"]
[TimeControl "180+1"]
[WhiteFideId "4194985"]
[BlackFideId "4145097"]
[WhiteElo "2566"]
[BlackElo "2448"]
[WhiteTeam "FID"]
[BlackTeam "RUS"]
[WhiteClock "0:00:15"]
[BlackClock "0:00:04"]

1. e4 c5 2. Nf3 d6 3. d4 cxd4 4. Nxd4 Nf6 5. Nc3 a6 6. f3 e5 7. Nb3 Be7 8. Be3 Be6 9. Qd2 d5 10. exd5 Nxd5 11. Nxd5 Qxd5 12. Qxd5 Bxd5 13. O-O-O Bc6 14. Na5 Bd8 15. Nc4 Bc7 16. Bb6 Bxb6 17. Nxb6 Ra7 18. Nc8 Ra8 19. Nb6 Ra7 20. Bc4 O-O 21. Rhe1 Bb5 22. Rxe5 Bxc4 23. Nxc4 b5 24. Na5 Rc7 25. a3 g6 26. Rd6 Kg7 27. c3 h5 28. Kc2 h4 29. Kb3 h3 30. gxh3 Nd7 31. Red5 Nc5+ 32. Kb4 Rfc8 33. Rd8 Na4 34. Rxc8 Rxc8 35. Rd2 Nb6 36. Rd6 Na4 37. c4 Nxb2 38. c5 Na4 39. Nb7 Rc7 40. c6 Nb2 41. Nd8 Kf8 42. Rd7 Rxd7 43. cxd7 Ke7 44. Nxf7 Kxd7 45. Ne5+ Ke6 46. Nxg6 Nd3+ 47. Kc3 Ne1 48. Nh4 Ke5 49. Kd2 a5 50. Kxe1 b4 51. axb4 a4 52. Kd2 a3 53. Kc3 a2 54. Kb2 1-0

[Event "December 19 Late 2023"]
[Site "https://www.chess.com"]
[Date "2023.12.19"]
[Round "8"]
[White "Bortnyk, Olexandr"]
[Black "Zhigalko, Sergei"]
[Result "1-0"]
[Board "11"]
[TimeControl "180+1"]
[WhiteFideId "14120828"]
[BlackFideId "13502956"]
[WhiteElo "2731"]
[BlackElo "2616"]
[WhiteTeam "UKR"]
[BlackTeam "BLR"]
[WhiteClock "0:00:59"]
[BlackClock "0:00:02"]

1. e4 c5 2. c3 Nf6 3. e5 Nd5 4. Nf3 d6 5. d4 cxd4 6. Bc4 Nb6 7. Bb3 Nc6 8. exd6 Qxd6 9. O-O Be6 10. Na3 a6 11. Re1 Bxb3 12. Qxb3 Na5 13. Qd1 d3 14. Be3 e6 15. Bd4 Qc7 16. Qxd3 Bxa3 17. bxa3 O-O-O 18. Qe4 Nac4 19. Bxg7 Rhg8 20. Bf6 Rd5 21. Qxh7 Rg6 22. Qh8+ Kd7 23. Rad1 Nd6 24. Rxd5 Nxd5 25. Ne5# 1-0

[Event "December 19 Late 2023"]
[Site "https://www.chess.com"]
[Date "2023.12.19"]
[Round "8"]
[White "Mahdavi, Reza"]
[Black "Deac, Bogdan-Daniel"]
[Result "0-1"]
[Board "12"]
[TimeControl "180+1"]
[WhiteFideId "12595926"]
[BlackFideId "1226380"]
[WhiteElo "2426"]
[BlackElo "2641"]
[WhiteTeam "IRI"]
[BlackTeam "ROU"]
[WhiteClock "0:01:15"]
[BlackClock "0:01:11"]

1. e4 c6 2. d4 d5 3. e5 Bf5 4. Nc3 e6 5. g4 Bg6 6. Nge2 c5 7. h4 h6 8. f4 Nc6 9. h5 Bh7 10. Be3 Qb6 11. Qd2 Qxb2 12. Rb1 Qxc2 13. Qxc2 Bxc2 14. Rxb7 c4 15. Nb5 Rb8 16. Rxb8+ Nxb8 17. Nec3 a6 18. Na7 Bb4 19. Kd2 Be4 20. Rg1 Ne7 21. a3 Ba5 22. Bg2 Bxg2 23. Rxg2 Bb6 0-1

[Event "December 19 Late 2023"]
[Site "https://www.chess.com"]
[Date "2023.12.19"]
[Round "8"]
[White "Makarian, Rudik"]
[Black "Popov, Konstantin"]
[Result "1/2-1/2"]
[Board "13"]
[TimeControl "180+1"]
[WhiteFideId "44105681"]
[BlackFideId "34137910"]
[WhiteElo "2540"]
[BlackElo "2340"]
[WhiteTeam "FID"]
[BlackTeam "FID"]
[WhiteClock "0:00:07"]
[BlackClock "0:00:07"]

1. g3 d5 2. Bg2 c6 3. f4 h5 4. Nf3 Nf6 5. d3 Bg4 6. Nbd2 Nbd7 7. e4 h4 8. e5 h3 9. Bf1 Ng8 10. Be2 e6 11. O-O Nh6 12. Ng5 Qb6+ 13. Kh1 Bxe2 14. Qxe2 Be7 15. Ngf3 Nf5 16. c3 Qa6 17. Re1 Nc5 18. d4 Nd3 19. Rd1 c5 20. Nf1 Nxc1 21. Qxa6 bxa6 22. Raxc1 Rb8 23. Rc2 Kd7 24. g4 Nh6 25. Ne3 c4 26. Kg1 a5 27. Kf2 a4 28. a3 f6 29. Kg3 f5 30. g5 Nf7 31. Rg1 Rh5 32. Kf2 Rbh8 33. Rg3 Nd8 34. Ng1 Nc6 35. Kf3 Bf8 36. Rf2 Ne7 37. Ke2 Ng6 38. Kd2 Rh4 39. Ne2 Be7 40. Kc2 Ke8 41. Nf1 Kf7 42. Nd2 Rg4 43. Rxg4 fxg4 44. Ng3 Nh4 45. Kd1 Nf5 46. Nxf5 exf5 47. Nf1 Ke6 48. Kc2 g6 49. Ng3 Rf8 50. Ne2 Rh8 51. Kd1 Rh5 52. Ng3 Rh8 53. Ke1 Rb8 54. Rc2 Rb3 55. Kf2 Rb6 56. Ne2 Bd8 57. Nc1 Rb5 58. Na2 a5 59. Nc1 Bb6 60. Ne2 Rb3 61. Kg3 Rb5 62. Kf2 Bd8 63. Ke3 Be7 64. Ng3 Rb3 65. Nh1 Rb7 66. Kf2 Rb8 67. Kg3 Rh8 68. Nf2 Rb8 69. Nd1 Rb3 70. Kf2 Rb6 71. Ne3 Rb7 72. Kg3 Rb8 73. Kf2 Rb7 74. Nf1 Rb3 75. Ke2 Rb8 76. Ng3 Rb3 77. Kd2 Rb8 78. Ke3 Rb3 79. Ne2 Rb6 80. Kf2 Rb7 81. Ke3 1/2-1/2

[Event "December 19 Late 2023"]
[Site "https://www.chess.com"]
[Date "2023.12.19"]
[Round "8"]
[White "Fernandez Diaz, Cristian"]
[Black "Ivic, Velimir"]
[Result "0-1"]
[Board "14"]
[TimeControl "180+1"]
[WhiteFideId "22256687"]
[BlackFideId "950122"]
[WhiteElo "2170"]
[BlackElo "2542"]
[WhiteTeam "ESP"]
[BlackTeam "SRB"]
[WhiteClock "0:00:03"]
[BlackClock "0:00:21"]

1. e4 c5 2. Nf3 Nc6 3. d4 cxd4 4. Nxd4 Nf6 5. Nc3 d6 6. Bg5 e6 7. Qd3 a6 8. Nxc6 bxc6 9. O-O-O Be7 10. Qg3 Qc7 11. Be2 Rb8 12. f4 Qb6 13. b3 Qc5 14. e5 dxe5 15. fxe5 Nd5 16. Bxe7 Qxe7 17. Ne4 Qa3+ 18. Kb1 O-O 19. Rd2 Nb4 20. Nc3 Nd5 21. Ne4 Rb4 22. Nf6+ Kh8 23. Nxd5 cxd5 24. Bd3 Bd7 25. Qh3 h6 26. g4 Ra4 27. Rdd1 Qxa2+ 28. Kc1 Rf4 29. g5 Qa1+ 30. Kd2 Qxe5 31. gxh6 Rf2+ 0-1

[Event "December 19 Late 2023"]
[Site "https://www.chess.com"]
[Date "2023.12.19"]
[Round "8"]
[White "Yeletsky, Ivan"]
[Black "Caruana, Fabiano"]
[Result "0-1"]
[Board "15"]
[TimeControl "180+1"]
[WhiteFideId "24180327"]
[BlackFideId "2020009"]
[WhiteElo "2379"]
[BlackElo "2815"]
[WhiteTeam "RUS"]
[BlackTeam "USA"]
[WhiteClock "0:00:00"]
[BlackClock "0:00:28"]

1. d4 Nf6 2. c4 e6 3. Bf4 Bb4+ 4. Nd2 b6 5. a3 Bxd2+ 6. Qxd2 Bb7 7. f3 d5 8. cxd5 Nxd5 9. Bg5 f6 10. Bh4 O-O 11. e4 Ne7 12. Rd1 Ng6 13. Bg3 f5 14. exf5 exf5 15. Bc4+ Bd5 16. Bxd5+ Qxd5 17. Ne2 c6 18. O-O Nd7 19. Nc3 Qf7 20. d5 c5 21. Rfe1 Rfe8 22. Bc7 h6 23. d6 Rxe1+ 24. Rxe1 Re8 25. Rd1 Kh7 26. h3 Qe6 27. Qd5 Qe3+ 28. Kh1 Qg5 29. Qd2 Nf4 30. Qf2 Nh5 31. Re1 Rxe1+ 32. Qxe1 Nf4 33. Qf2 Nd3 34. Qe2 Nf4 35. Qf2 Ne6 36. Qc2 Qf4 37. Nd5 Qe5 38. Ne7 Nd4 39. Qd3 Qe6 40. b4 g6 41. bxc5 bxc5 42. a4 Qe1+ 43. Kh2 Ne2 44. Qe3 f4 0-1

[Event "December 19 Late 2023"]
[Site "https://www.chess.com"]
[Date "2023.12.19"]
[Round "8"]
[White "Weetik, Vjacheslav"]
[Black "Bortnyk, Mykola"]
[Result "0-1"]
[Board "16"]
[TimeControl "180+1"]
[WhiteFideId "4153472"]
[BlackFideId "14120836"]
[WhiteElo "2469"]
[BlackElo "2592"]
[WhiteTeam "RUS"]
[BlackTeam "UKR"]
[WhiteClock "0:00:00"]
[BlackClock "0:01:11"]

1. d4 Nf6 2. c4 e6 3. g3 d5 4. Nf3 dxc4 5. Bg2 Bd7 6. Ne5 Bc6 7. Nxc6 Nxc6 8. e3 Qd7 9. O-O Rd8 10. Nd2 b5 11. Qe2 Bb4 12. b3 c3 13. Qxb5 Nxd4 14. Qxb4 Ne2+ 15. Kh1 cxd2 16. Bxd2 a5 17. Qc5 Qxd2 18. Bc6+ Nd7 19. Rad1 Qb4 20. Qh5 Nc3 21. Rxd7 Rxd7 22. Bxd7+ Kxd7 23. Qxf7+ Qe7 24. Qh5 Qd6 25. f3 Rf8 26. Qxa5 Qd3 27. Kg2 Nd5 28. Qa4+ Ke7 29. Qh4+ Kf7 30. Rf2 Nxe3+ 31. Kh3 Kg8 32. Qb4 h5 0-1

[Event "December 19 Late 2023"]
[Site "https://www.chess.com"]
[Date "2023.12.19"]
[Round "8"]
[White "Martinez Ramirez, Lennis"]
[Black "Sanal, Vahap"]
[Result "1-0"]
[Board "17"]
[TimeControl "180+1"]
[WhiteFideId "3509079"]
[BlackFideId "6300545"]
[WhiteElo "2405"]
[BlackElo "2637"]
[WhiteTeam "CUB"]
[BlackTeam "TUR"]
[WhiteClock "0:00:05"]
[BlackClock "0:01:21"]

1. d4 d6 2. Nf3 Nf6 3. Nc3 d5 4. Bf4 e6 5. Nb5 Na6 6. e3 c6 7. Nc3 Bb4 8. Bd3 Qa5 9. Qd2 c5 10. Be5 Ne4 11. Bxe4 dxe4 12. Ng1 f6 13. Bg3 cxd4 14. exd4 Bxc3 15. Qxc3 Qxc3+ 16. bxc3 Bd7 17. c4 Rc8 18. c5 b6 19. cxb6 axb6 20. Kd2 Nb4 21. c3 Nd5 22. Ne2 Bb5 23. Nf4 Rxc3 24. Rhc1 Rxc1 25. Rxc1 Nxf4 26. Rc8+ Kf7 27. Rxh8 Nd5 28. Rb8 Bf1 29. Rb7+ Kg8 30. Bc7 b5 31. Bd6 h5 32. g3 Bc4 33. a3 Bf1 34. h4 Bc4 35. Rb8+ Kf7 36. Rc8 Bf1 37. Ke1 Bd3 38. Kd2 Bc4 39. a4 Bd3 40. a5 b4 41. Rb8 g5 42. Bxb4 gxh4 43. gxh4 f5 44. Bd6 Bc4 45. Rc8 Bb5 46. Rb8 Bc4 47. Ra8 f4 48. a6 e3+ 49. fxe3 fxe3+ 50. Ke1 e2 51. a7 Ne3 52. Rf8+ Kg7 53. Bg3 Kxf8 54. a8=Q+ Kf7 55. Qf3+ Nf5 56. Qxh5+ Ke7 57. Qf3 Nxd4 58. Qc3 Nf5 59. Qxc4 Nxg3 60. Qc7+ Kf6 61. Qxg3 1-0

[Event "December 19 Late 2023"]
[Site "https://www.chess.com"]
[Date "2023.12.19"]
[Round "8"]
[White "Sun, Rick"]
[Black "Grigoriants, Sergey"]
[Result "0-1"]
[Board "18"]
[TimeControl "180+1"]
[WhiteFideId "30909481"]
[BlackFideId "4130804"]
[WhiteElo "2169"]
[BlackElo "2532"]
[WhiteTeam "USA"]
[BlackTeam "HUN"]
[WhiteClock "0:00:08"]
[BlackClock "0:00:55"]

1. d4 Nf6 2. Nc3 d5 3. Bf4 Bf5 4. e3 e6 5. f3 c6 6. g4 Bg6 7. h4 h5 8. g5 Nfd7 9. Bd3 Bxd3 10. Qxd3 g6 11. Nge2 Bg7 12. O-O-O Nb6 13. Be5 Bxe5 14. dxe5 N8d7 15. f4 Qe7 16. e4 a6 17. Qf3 O-O-O 18. exd5 cxd5 19. Rd4 Kb8 20. Rhd1 Rc8 21. Kb1 Rc6 22. Na4 Nc4 23. Nc1 Rhc8 24. Nb3 b5 25. Nc3 Nxb2 26. Kxb2 Rxc3 27. Qxc3 Rxc3 28. Kxc3 Qa3 29. Kd3 Nc5+ 30. Ke2 Ne4 31. Rxe4 dxe4 32. Rd8+ Kc7 33. Rd4 Qxa2 34. Rxe4 Qxc2+ 35. Nd2 a5 36. Ke3 a4 37. Nf3 a3 38. Nd4 Qc3+ 39. Ke2 Qc4+ 40. Ke3 a2 41. f5 a1=Q 42. fxe6 Qe1+ 43. Kf4 Qf2+ 44. Nf3 Qc1+ 45. Re3 Qcxe3# 0-1

[Event "December 19 Late 2023"]
[Site "https://www.chess.com"]
[Date "2023.12.19"]
[Round "8"]
[White "Rasulov, Vugar"]
[Black "Goltsev, Dmitry"]
[Result "1-0"]
[Board "19"]
[TimeControl "180+1"]
[WhiteFideId "13402390"]
[BlackFideId "24176710"]
[WhiteElo "2517"]
[BlackElo "2370"]
[WhiteTeam "AZE"]
[BlackTeam "RUS"]
[WhiteClock "0:00:26"]
[BlackClock "0:00:00"]

1. a3 g6 2. Nf3 Bg7 3. h4 Nf6 4. d4 d5 5. Bg5 h6 6. Bxf6 Bxf6 7. Nbd2 Bf5 8. e3 Nd7 9. h5 g5 10. Bd3 Bg4 11. c3 e5 12. Be2 e4 13. Nh2 Be6 14. Bg4 Qe7 15. Bxe6 Qxe6 16. g4 Be7 17. Nhf1 Bd6 18. Rg1 f5 19. gxf5 Qxf5 20. Ng3 Bxg3 21. fxg3 O-O 22. Qe2 Rf6 23. g4 Qe6 24. O-O-O Raf8 25. Rdf1 Rxf1+ 26. Nxf1 c6 27. Ng3 Rf3 28. Nf5 Kh7 29. Rf1 Rxf1+ 30. Qxf1 Nf6 31. Qg2 Nxh5 32. Qh2 Ng7 33. Qc7 Qf6 34. Qxb7 h5 35. Nxg7 Qxg7 36. Qxc6 hxg4 37. Qxd5 Qg6 38. Qd7+ Kh6 39. Qxg4 Qc6 40. Kd2 Qb5 41. Qxe4 Qxb2+ 42. Qc2 Qxa3 43. e4 g4 44. Ke3 Qf8 45. Qh2+ Kg5 46. Qe5+ Kh4 47. Qh2+ Kg5 48. Qg3 Qf1 49. d5 a5 50. d6 Qd1 51. Qe5+ Kg6 52. Qf5+ Kg7 53. d7 g3 54. Qg5+ Kf7 55. d8=Q Qc1+ 56. Kd4 1-0

[Event "December 19 Late 2023"]
[Site "https://www.chess.com"]
[Date "2023.12.19"]
[Round "8"]
[White "Melkumyan, Hrant"]
[Black "Solon, Nathan"]
[Result "0-1"]
[Board "20"]
[TimeControl "180+1"]
[WhiteFideId "13302485"]
[BlackFideId "2017229"]
[WhiteElo "2604"]
[BlackElo "2672"]
[WhiteTeam "ARM"]
[BlackTeam "USA"]
[WhiteClock "0:00:00"]
[BlackClock "0:00:23"]

1. c4 c6 2. Nf3 d5 3. d4 Nf6 4. e3 e6 5. Bd3 dxc4 6. Bxc4 Nbd7 7. O-O Bd6 8. Qe2 O-O 9. Rd1 Qc7 10. e4 e5 11. Bg5 exd4 12. Bxf6 gxf6 13. Nxd4 Ne5 14. Nd2 Kh8 15. g3 b5 16. Bb3 a6 17. Nf5 Bxf5 18. exf5 Rad8 19. Ne4 Qe7 20. Qh5 c5 21. Bd5 c4 22. Kg2 Bc5 23. Nc3 Nd3 24. Bf3 Nxf2 25. Nd5 Qe5 26. Qh6 Ng4 27. Bxg4 Rxd5 0-1

[Event "December 19 Late 2023"]
[Site "https://www.chess.com"]
[Date "2023.12.19"]
[Round "8"]
[White "Szpar, Milosz"]
[Black "Pulpan, Jakub"]
[Result "1/2-1/2"]
[Board "21"]
[TimeControl "180+1"]
[WhiteFideId "1184989"]
[BlackFideId "302759"]
[WhiteElo "2446"]
[BlackElo "2501"]
[WhiteTeam "POL"]
[BlackTeam "CZE"]
[WhiteClock "0:00:16"]
[BlackClock "0:00:14"]

1. e4 e5 2. Nf3 Nc6 3. Bb5 Nf6 4. Nc3 d6 5. d4 exd4 6. Nxd4 Bd7 7. O-O Be7 8. Nxc6 Bxc6 9. Bxc6+ bxc6 10. Qf3 Nd7 11. b3 O-O 12. Bb2 Bf6 13. Rad1 Re8 14. Na4 Bxb2 15. Nxb2 Qe7 16. Rfe1 a5 17. Qc3 Qe5 18. Qxe5 Rxe5 19. f3 Nb6 20. a4 Rc5 21. Rd2 Re8 22. Kf2 Kf8 23. Re3 h5 24. Nd3 Rc3 25. Rde2 g6 26. Nb2 Rc5 27. h4 Rce5 28. Nd3 R5e7 29. g3 Nd7 30. Nb2 Nb6 31. Rc3 c5 32. Ree3 f6 33. Nc4 Nxc4 34. Rxc4 Kf7 35. Rcc3 Ke6 36. Rcd3 Kd7 37. Ke2 Kc6 38. Kd2 g5 39. hxg5 fxg5 40. Rd5 Rg7 41. Re2 Rf7 42. Rxg5 Rxf3 43. Rxh5 Rxg3 44. e5 d5 45. Rh6+ Kb7 46. e6 Rg7 47. Rh5 Kc6 48. Rh6 Rge7 49. Rh5 Kd6 50. Ree5 c6 51. Reg5 Rxe6 52. Rh7 R8e7 53. Rh8 Re8 54. Rh7 R8e7 55. Rh8 Re2+ 56. Kc1 Re8 57. Rg6+ Kc7 58. Rhh6 Kd7 59. Rxc6 c4 60. bxc4 dxc4 61. Rxc4 R8e4 62. Rc5 Rxa4 63. Rg5 Rae4 64. Ra6 Kc7 65. Raxa5 Rc4 66. Rg7+ Kb6 67. Ra2 Rh2 68. Rb2+ Kc6 69. Rg6+ Kd5 70. Kb1 Rc6 71. Rb5+ Kc4 72. Rxc6+ Kxb5 73. Rc3 Ka4 74. Kb2 Kb4 75. Rg3 Rh4 76. Rf3 Kb5 77. Re3 Rh6 78. Rb3+ Kc6 79. Rc3+ Kb7 80. Rd3 Kc8 81. Kc1 Kb7 82. Kd2 Kc8 83. Kc3 Kb7 84. Kd4 Kc7 85. c4 Rd6+ 86. Ke4 Rxd3 87. Kxd3 Kd6 88. Kd4 Kc6 89. c5 Kd7 90. Kc4 Kc6 91. Kd4 Kd7 92. Kd5 Kc7 93. c6 Kc8 94. Kc5 Kc7 95. Kd5 Kc8 96. Kd6 Kd8 97. c7+ Kc8 98. Kc6 1/2-1/2

[Event "December 19 Late 2023"]
[Site "https://www.chess.com"]
[Date "2023.12.19"]
[Round "8"]
[White "Beerdsen, Thomas"]
[Black "slidingknight2775"]
[Result "1-0"]
[Board "22"]
[TimeControl "180+1"]
[WhiteFideId "1030108"]
[WhiteElo "2550"]
[BlackElo "2660"]
[WhiteTeam "NED"]
[WhiteClock "0:02:02"]
[BlackClock "0:00:06"]

1. e4 c5 2. Nf3 e6 3. d4 cxd4 4. Bg5 Nf6 5. e5 h6 6. Bh4 g5 7. exf6 gxh4 8. Qxd4 Qb6 9. Qxb6 axb6 10. Nbd2 d6 11. c3 h5 12. a4 Rh6 13. Bb5+ Bd7 14. O-O Rxf6 15. Nc4 Bxb5 16. axb5 Rxa1 17. Rxa1 Kd8 18. Nxb6 h3 19. Ra8 Bh6 20. Rxb8+ Kc7 21. Nd7 Kxd7 22. Rxb7+ Kc8 23. Rb6 hxg2 24. Kxg2 Bf4 25. c4 Kc7 26. Rc6+ Kb7 27. b4 Rg6+ 28. Kf1 Rf6 29. c5 dxc5 30. bxc5 Rf5 31. Nd4 Rd5 32. Nb3 Bc7 33. Ra6 Rd3 34. c6+ Kb8 35. Nc5 Rd1+ 36. Ke2 Rd8 37. Nd7+ Rxd7 38. cxd7 Bd8 39. Rc6 Kb7 40. Rc8 Bb6 41. d8=Q Bxd8 42. Rxd8 Kb6 43. Rg8 Kxb5 44. Rf8 f5 45. Rf7 Kc5 46. Rh7 h4 47. Rh5 Kd5 48. Rxh4 Ke5 49. Ke3 Kf6 50. f4 Kg6 51. Rh3 Kg7 52. Rg3+ Kf6 53. Kd4 Kf7 54. Ke5 Ke7 55. Rg5 Kf8 56. h4 Kf7 57. h5 Kf8 58. h6 Ke7 59. h7 Kf7 60. h8=N+ Kf8 61. Kxe6 Ke8 62. Rg8# 1-0

[Event "December 19 Late 2023"]
[Site "https://www.chess.com"]
[Date "2023.12.19"]
[Round "8"]
[White "Melian, Juan Sebastian"]
[Black "Durarbayli, Vasif"]
[Result "0-1"]
[Board "23"]
[TimeControl "180+1"]
[WhiteFideId "3706575"]
[BlackFideId "13402935"]
[WhiteElo "2098"]
[BlackElo "2551"]
[WhiteTeam "PAR"]
[BlackTeam "AZE"]
[WhiteClock "0:00:06"]
[BlackClock "0:00:28"]

1. e4 e5 2. Nf3 Nc6 3. Bc4 Bc5 4. c3 Nf6 5. d4 exd4 6. b4 Bb6 7. e5 d5 8. exf6 dxc4 9. Qe2+ Be6 10. b5 d3 11. Qe4 Qxf6 12. bxc6 O-O 13. Bg5 Bf5 14. Bxf6 Bxe4 15. Bd4 Rfe8 16. Kd1 Bxc6 17. Nbd2 Re2 18. Bxb6 axb6 19. Rf1 Ra3 20. Nd4 Ba4+ 21. Kc1 Rxc3+ 22. Kb2 Rc2+ 23. Nxc2 Rxd2 24. Rac1 dxc2 25. Rfe1 Kf8 26. Re4 b5 27. Rf4 g5 28. Rf3 b4 29. Rf5 c3+ 30. Ka1 Rd1 0-1

[Event "December 19 Late 2023"]
[Site "https://www.chess.com"]
[Date "2023.12.19"]
[Round "8"]
[White "Gokerkan, Cem Kaan"]
[Black "Assylov, Miras"]
[Result "0-1"]
[Board "24"]
[TimeControl "180+1"]
[WhiteFideId "6336760"]
[BlackFideId "13728873"]
[WhiteElo "2365"]
[BlackElo "1991"]
[WhiteTeam "TUR"]
[BlackTeam "KAZ"]
[WhiteClock "0:00:19"]
[BlackClock "0:00:04"]

1. e4 c5 2. c3 Nf6 3. e5 Nd5 4. d4 cxd4 5. Bc4 e6 6. cxd4 d6 7. Nf3 Be7 8. O-O O-O 9. Qe2 Nc6 10. Rd1 Nb6 11. Bd3 Nb4 12. exd6 Qxd6 13. Be4 f5 14. Bd3 Nxd3 15. Qxd3 Bf6 16. Nc3 Bd7 17. Bg5 Bc6 18. Bxf6 gxf6 19. Nd2 Rad8 20. Nc4 Nxc4 21. Qxc4 Kh8 22. f3 Rg8 23. Kh1 Qf4 24. Qxe6 Rxg2 25. Qxf6+ Rg7 26. Qxd8+ Rg8 27. Qf6+ Rg7 28. Qxg7+ Kxg7 29. Rg1+ Kf7 30. d5 Qxf3+ 31. Rg2 Bxd5 32. Nxd5 Qxd5 33. Rf1 Kf6 34. b3 a5 35. Kg1 Qd4+ 36. Rgf2 Qg4+ 37. Kh1 Qe4+ 38. Rf3 Kg5 39. Kg2 Kg4 40. Rf2 f4 41. h3+ Kf5 42. Rd2 Qe6 43. Rd4 Qe2+ 44. Rf2 Qe3 45. Ra4 Qg3+ 46. Kf1 Qxh3+ 47. Ke1 b5 48. Raxf4+ Ke5 49. R4f3 Qh1+ 50. Kd2 Qh6+ 51. Kc2 Qc6+ 52. Kb2 Ke4 53. Rf6 Qc5 54. Re6+ Kd3 55. Rf3+ Kd2 56. a4 Qc2+ 57. Ka1 Qc1+ 58. Ka2 Qc2+ 59. Ka1 Qd1+ 60. Ka2 Qxf3 61. axb5 Qf5 62. Rd6+ Kc3 63. b6 Qc2+ 64. Ka3 Qxb3# 0-1

[Event "December 19 Late 2023"]
[Site "https://www.chess.com"]
[Date "2023.12.19"]
[Round "8"]
[White "Livaic, Leon"]
[Black "Sabuk, Piotr"]
[Result "1-0"]
[Board "25"]
[TimeControl "180+1"]
[WhiteFideId "14531534"]
[BlackFideId "1137565"]
[WhiteElo "2541"]
[BlackElo "2276"]
[WhiteTeam "CRO"]
[BlackTeam "POL"]
[WhiteClock "0:00:33"]
[BlackClock "0:00:06"]

1. d4 d5 2. c4 e6 3. Nf3 Nf6 4. Nc3 Bb4 5. Bg5 h6 6. Bxf6 Qxf6 7. e3 O-O 8. Rc1 Nd7 9. Qb3 Bxc3+ 10. Qxc3 c6 11. Bd3 Re8 12. cxd5 exd5 13. O-O Nb6 14. Ne5 Bf5 15. Be2 Nc8 16. b4 a6 17. a4 Nd6 18. Rfd1 Qe6 19. Qc5 f6 20. Nd3 Nc4 21. Nf4 Qd7 22. Bxc4 dxc4 23. Qxc4+ Kh8 24. d5 Rad8 25. a5 Be4 26. d6 g5 27. Nh5 Re6 28. Nxf6 Rxf6 29. Qxe4 Rxd6 30. Rxd6 Qxd6 31. h4 Kg7 32. g3 Rd7 33. hxg5 hxg5 34. Rc5 Qf6 35. Qg4 Rd5 36. Rxd5 cxd5 37. Qd7+ Kg6 38. Qxb7 Qf3 39. Qxa6+ Kg7 40. Qd3 g4 41. a6 Kh6 42. a7 d4 43. Qxd4 1-0

[Event "December 19 Late 2023"]
[Site "https://www.chess.com"]
[Date "2023.12.19"]
[Round "8"]
[White "Dourerassou, Jonathan"]
[Black "Khater, Sherif"]
[Result "1-0"]
[Board "26"]
[TimeControl "180+1"]
[WhiteFideId "628050"]
[BlackFideId "2034280"]
[WhiteElo "2499"]
[BlackElo "2569"]
[WhiteTeam "FRA"]
[BlackTeam "USA"]
[WhiteClock "0:00:09"]
[BlackClock "0:00:00"]

1. d4 a6 2. e4 c6 3. Nc3 d5 4. Nf3 dxe4 5. Nxe4 Nf6 6. Nxf6+ exf6 7. Bd3 Bd6 8. O-O O-O 9. h3 Nd7 10. c4 Re8 11. Bc2 Nf8 12. Be3 Be6 13. b3 Qd7 14. Re1 Ng6 15. Qd3 Bxh3 16. gxh3 Qxh3 17. Qf5 Qxf5 18. Bxf5 Re7 19. Bd2 Rae8 20. Re6 fxe6 21. Bd3 f5 22. Re1 Bf4 23. Bb4 Rd7 24. Bxf5 Kf7 25. Bg4 b6 26. Re4 Bd6 27. Ng5+ Kf6 28. Nxh7+ Kf7 29. Ng5+ Kf6 30. Bd2 Nf8 31. Re2 g6 32. d5 cxd5 33. cxd5 Be5 34. dxe6 Rxd2 35. Ne4+ Kg7 36. Nxd2 Bd6 37. Nc4 Bc5 38. Kf1 Kf6 39. b4 Bd4 40. Nd6 Re7 41. Ne4+ Kg7 42. Ng5 Kf6 43. f4 b5 44. Kg2 Bb6 45. Kf3 Bc7 46. Rc2 Bb6 47. Rc8 Kg7 48. Rc6 Bc7 49. Rxa6 Nh7 50. Ne4 Nf6 51. Nxf6 Kxf6 52. Rc6 Bd8 53. Rc8 Bc7 54. Ra8 Bd6 55. a3 Rc7 56. Ra6 Rc3+ 57. Ke4 Rc4+ 58. Kd5 Bxf4 59. Be2 Rc2 60. Bxb5 Rd2+ 61. Ke4 Bd6 62. Bc4 g5 63. Ra7 g4 64. Rf7+ Kg6 65. Rd7 g3 66. e7 1-0

[Event "December 19 Late 2023"]
[Site "https://www.chess.com"]
[Date "2023.12.19"]
[Round "8"]
[White "Mikaelyan, Arman"]
[Black "Rogov, Matfey"]
[Result "1-0"]
[Board "27"]
[TimeControl "180+1"]
[WhiteFideId "13304852"]
[BlackFideId "44191308"]
[WhiteElo "2445"]
[BlackElo "2057"]
[WhiteTeam "ARM"]
[BlackTeam "RUS"]
[WhiteClock "0:00:06"]
[BlackClock "0:00:03"]

1. d4 e6 2. c4 Nf6 3. g3 d5 4. Bg2 dxc4 5. Nf3 Nc6 6. O-O Rb8 7. e3 b5 8. Qe2 Bb4 9. a3 Be7 10. Nbd2 O-O 11. b3 c3 12. Nb1 b4 13. axb4 Bxb4 14. Ba3 a5 15. Qc4 Qd5 16. Rc1 Ne4 17. Ne1 Qf5 18. f3 Nd2 19. Qxc6 Nxb1 20. Bxb4 axb4 21. Raxb1 e5 22. e4 Qg5 23. dxe5 Qxe5 24. Qd5 Qxd5 25. exd5 Bf5 26. Ra1 Rfe8 27. Nc2 Bd3 28. Nd4 Rbd8 29. f4 h5 30. Nc6 Rd6 31. Nxb4 Be4 32. Rxc3 Bxg2 33. Kxg2 Re4 34. Rc4 Re2+ 35. Kf3 Rxh2 36. Rxc7 Rh3 37. Ra8+ Kh7 38. Ra6 Rxa6 39. Nxa6 h4 40. d6 Rxg3+ 41. Kf2 Rxb3 42. Nc5 Rb2+ 43. Kg1 h3 44. d7 Rd2 45. Nb7 h2+ 46. Kh1 Kg6 47. d8=Q Rxd8 48. Nxd8 Kf6 49. Nxf7 1-0

[Event "December 19 Late 2023"]
[Site "https://www.chess.com"]
[Date "2023.12.19"]
[Round "8"]
[White "Seemann, Jakub"]
[Black "mightysmasher"]
[Result "0-1"]
[Board "28"]
[TimeControl "180+1"]
[WhiteFideId "21874697"]
[WhiteElo "2332"]
[BlackElo "2547"]
[WhiteTeam "POL"]
[WhiteClock "0:00:24"]
[BlackClock "0:00:05"]

1. d4 d5 2. Bf4 Nf6 3. e3 e6 4. Nf3 Bd6 5. Nbd2 Bxf4 6. exf4 O-O 7. Bd3 b6 8. c3 Bb7 9. O-O Nbd7 10. Re1 c5 11. g3 Rc8 12. h4 cxd4 13. Nxd4 Nc5 14. Bc2 a5 15. Qe2 Nce4 16. N2f3 Qc7 17. Ne5 Nd7 18. Kg2 Nxe5 19. fxe5 Qxe5 20. Bxe4 dxe4 21. Qe3 f5 22. Ne2 h6 23. h5 Rf7 24. Rad1 Rcf8 25. Nf4 Qf6 26. Rd6 Re8 27. Rxb6 Ba8 28. Rd1 Rfe7 29. Rdd6 a4 30. a3 Qf7 31. Ng6 Rc7 32. Ne5 Qf6 33. Rb5 Qe7 34. Rdb6 Bd5 35. Rb8 Rcc8 36. Rxc8 Rxc8 37. Ra5 Qc7 38. Rxd5 exd5 39. Qd4 Rd8 40. Ng6 Qd7 41. Nf4 Qc6 42. Kh2 Qd7 43. Qe5 Re8 44. Qd4 Rd8 45. Kg1 Rb8 46. Nxd5 Qf7 47. Nf4 Rxb2 48. Ng6 Rb8 49. Qxa4 Re8 50. Qd4 Qf6 51. Qd7 Qf7 52. Qd4 Qf6 53. Qe3 Rd8 54. a4 Qg5 55. Nf4 Rd1+ 56. Kg2 Qg4 57. c4 Ra1 58. c5 Qd1 59. f3 Qh1+ 60. Kf2 Qh2+ 61. Ng2 Ra2+ 62. Ke1 Qh1+ 0-1